[Event "Chessity Nationale Pupillendag 2018 - Groep G"]
[Site "Meppel, Netherlands"]
[Date "2018.06.23"]
[Round "1.1"]
[White "Smeets, Daphne"]
[Black "Sterk, Ralf"]
[Result "1/2-1/2"]
[TimeControl "15 min + 10 sec"]
[WhiteElo "347"]
[BlackElo "849"]

1. e4 e5 2. Nf3 Nc6 3. Nc3 Bc5 4. Bb5 a6 5. Bc4 Nf6 6. Na4 Ba7 7. d3 h6 8. Nh4 O-O 9. Nf3 b5 10. Bb3 bxa4 11. Bxa4 Ne7 12. Bb3 d6 13. Ba4 Bd7 14. Bxd7 Qxd7 15. Be3 Bb8 16. Bd2 d5 17. exd5 Qxd5 18. g4 Nxg4 19. Rg1 e4 20. Nh4 Qd7 21. Rxg4 exd3 22. cxd3 Qe6+ 23. Qe2 Qxe2+ 24. Kxe2 Re8 25. Re4 Ba7 26. Be3 Nf5 27.
Nxf5 g6 28. Rxe8+ Rxe8 29. Nxh6+ Kg7 30. Ng4 f5 31. Nh6 Bxe3 32. fxe3 Kxh6 33. Rh1 Rb8 34. b3 Kg5 35. Rf1 Rh8 36. Rf2 Kh6 37. Rf1 Kg7 38. Rh1 g5 39.
h3 Re8 40. Re1 f4 41. e4 Rf8 42.
Kd2 Kg6 43. a4 f3 44. Rf1 f2 45. Ke2 Kh5 46. Rxf2 Rxf2+ 47. Kxf2 Kh4 48. Kg2 c6 49. d4 Kh5 50. Kg3 Kg6 51. h4 gxh4+ 52. Kxh4 Kf6 53. e5+ Ke6 54. Kg4 a5 55. Kf4 Ke7 56. Ke4 Ke6 57. Kd3 Kd5 58. Kc3 c5 59. dxc5 Kxc5 60. b4+ axb4+ 61. Kb3 Kd5 62. Kxb4 Kxe5 63. Kb5 Kd6 64. a5 Kc7 65. a6 Kb8 66. Kb6 Ka8 67. Kb5 Kb8 68. Kb6 Ka8 69. Ka5 Kb8 70. Kb6 Ka8 71. Kc6 Kb8 72. Kb6 Ka8 73.
Kb5 Kb8 74. Ka5 Ka8 75. Ka4 Kb8 76. Kb5 Ka8 77. Kc6 Kb8 78. Kb6 Ka8 79. Kc5 Kb8 80. Kb4 Ka8 81. Kb5 Kb8 82. Ka5 Ka8 83. Kb5 Kb8 84. Kb6 Ka8 85. Kb5 Kb8 86. Kb6 Ka8 87. a7 1/2-1/2

[Event "Chessity Nationale Pupillendag 2018 - Groep G"]
[Site "Meppel, Netherlands"]
[Date "2018.06.23"]
[Round "1.2"]
[White "Aubel, Daan"]
[Black "Brands, Robin"]
[Result "1-0"]
[TimeControl "15 min + 10 sec"]
[WhiteElo "833"]
[BlackElo "314"]

1. e4 e5 2. Nf3 Nc6 3. Bb5 a6 4. Bxc6 bxc6 5. d3 Nf6 6. Nxe5 d6 7. Nxc6 Qd7 8. Nd4 Qd8 9. Bg5 Be7 10.
O-O O-O 11. Nc3 Bg4 12. Qd2 h6 13. Bxf6 Bxf6 14. Nb3 Bg5 15. f4 Be7 16. Nd5 Bh4 17. f5 Bg5 18. Qe1 Bh4 19. g3 Bg5 20.
Qa5 c6 21. Qxd8 Raxd8 22. Nc3 Be3+ 23. Kg2 c5 24. h3 Bh5 25. g4 Bd4 26. Nxd4 cxd4 27. Nd5 Rc8 28. Ne7+ Kh8 29. Nxc8 Rxc8 30.
Rac1 g6 31. gxh5 gxh5 32. Kg3 Rb8 33. b3 Rg8+ 34. Kh4 Rg5 35. Rg1 Rxg1 36. Rxg1 f6 37. Kxh5 Kh7 38. Rg6 d5 39. Rxh6 Kg7 40.
Rg6+ Kf7 41. Kh6 dxe4 42. dxe4 Ke7 43. Kg7 Kd6 44. Rxf6+ Ke5 45. Re6+ Kf4 46. h4 Ke3 47. Rc6 Kd2 48.
f6 d3 49. cxd3 Kxd3 50. f7 Kxe4 51. f8=Q Kd5 52. Rxa6 Kd4 53. Qf5 Ke3 54. Re6+ Kd4 55. Qe4+ Kc5 56. Rc6+ Kb5 57.
Qc4+ Ka5 58. Ra6# 1-0

[Event "Chessity Nationale Pupillendag 2018 - Groep G"]
[Site "Meppel, Netherlands"]
[Date "2018.06.23"]
[Round "1.3"]
[White "Blom, Odette"]
[Black "Verwer, Oscar"]
[Result "0-1"]
[TimeControl "15 min + 10 sec"]
[WhiteElo "305"]
[BlackElo "833"]

1. e4 d5 2. exd5 Qxd5 3. Nf3 Nf6 4.
Nc3 Qa5 5. d3 c6 6. Bg5 Bg4 7. Bxf6 exf6 8. Be2 Bd6 9. O-O O-O 10. Ne4 Bc7 11. d4 Qf5 12. Qd3 Re8 13. Ng3 Bxg3 14.
hxg3 Qh5 15. Rad1 Nd7 16. Rd2 c5 17. dxc5 Nxc5 18. Qb5 a6 19. Qb6 h6 20. Qb4 a5 21. Qd4 Rad8 22. Qc3 Ne4 23. Rxd8 Rxd8 24. Bd3 Nxc3 25.
bxc3 Bxf3 26. gxf3 Qxf3 27. Re1 g5 28. Re3 Qd5 29. f3 Qxa2 30. c4 Qa1+ 31. Kf2 Qd4 32. Ke2 g4 33. fxg4 Qxg4+ 34. Kf2 Qh3 35. Kf3 Qh5+ 36. Kf2 Kh8 37. Re4 Rg8 38. Be2 Qh2+ 39. Kf3 Qxg3# 0-1

[Event "Chessity Nationale Pupillendag 2018 - Groep G"]
[Site "Meppel, Netherlands"]
[Date "2018.06.23"]
[Round "1.4"]
[White "Gelten, Evan"]
[Black "Tykhonov, Max"]
[Result "1-0"]
[TimeControl "15 min + 10 sec"]
[WhiteElo "757"]
[BlackElo "288"]

1. e4 e5 2. Nf3 Nc6 3.
Bc4 Nf6 4. Nc3 d6 5. Ng5 Rg8 6. Be6 b6 7. Bxc8 Qxc8 8. Nf3 Kd8 9. d3 Qb7 10. Bg5 Qa6 11. Nd5 Kc8 12. Nxf6 gxf6 13. Bxf6 Kb7 14. c4 Rc8 15. a3 Kb8 16.
b4 Nd4 17. Nxd4 exd4 18. Bxd4 c5 19. b5 Qb7 20. Bc3 a6 21. Qa4 axb5 22. cxb5 d5 23. f3 d4 24. Bd2 c4 25. Bf4+ Rc7 26. Bxc7+ Qxc7 27. dxc4 d3 28.
Rd1 Qd7 29. Kf2 Bc5+ 30. Ke1 Qc7 31. Kf2 1-0

[Event "Chessity Nationale Pupillendag 2018 - Groep G"]
[Site "Meppel, Netherlands"]
[Date "2018.06.23"]
[Round "2.1"]
[White "Smets, Cas"]
[Black "Aubel, Daan"]
[Result "0-1"]
[TimeControl "15 min + 10 sec"]
[WhiteElo "428"]
[BlackElo "833"]

1. e4 d5 2. Nc3 d4 3. Nb5 e5 4.
d3 a6 5.
Na3 Nf6 6. Nf3 Bg4 7. c4 dxc3 8. bxc3 Nc6 9. h3 Bxf3 10. gxf3 Bc5 11. Bb2 Qd6 0-1

[Event "Chessity Nationale Pupillendag 2018 - Groep G"]
[Site "Meppel, Netherlands"]
[Date "2018.06.23"]
[Round "2.2"]
[White "Verwer, Oscar"]
[Black "Bernard, Ivan"]
[Result "1-0"]
[TimeControl "15 min + 10 sec"]
[WhiteElo "833"]
[BlackElo "411"]

1. e4 e5 2. Nf3 Qf6 3. Nc3 Bd6 4. Bc4 Nc6 5. O-O Nge7 6. d3 Nd4 7. Ng5 Qh6 8. Nxf7 Qg6 9. Nxh8 Qh6 10.
Bxh6 gxh6 11. Qh5+ Ng6 12. Nxg6 hxg6 13. Qxg6+ Kd8 14. Qg8+ Ke7 15. Nd5# 1-0

[Event "Chessity Nationale Pupillendag 2018 - Groep G"]
[Site "Meppel, Netherlands"]
[Date "2018.06.23"]
[Round "2.3"]
[White "Koster, Benjamin"]
[Black "Gelten, Evan"]
[Result "1-0"]
[TimeControl "15 min + 10 sec"]
[WhiteElo "417"]
[BlackElo "757"]

1. e4 e5 2. Nf3 Nc6 3. Bb5 d6 4. Bxc6+ bxc6 5. Nc3 Bg4 6. Qe2 Nf6 7.
h3 Bh5 8. g4 Bg6 9. g5 Nd7 10. O-O Nc5 11. b4 Nb7 12. b5 cxb5 13. Qxb5+ Qd7 14. Qxb7 Rc8 15. Qb4 Qxh3 16. Qa4+ Ke7 17. Nd5+ Ke6 18. Qc4 Kd7 19. Rb1 Bh5 20.
Rb8 Bxf3 21. Qb5+ c6 22. Qb7+ Ke6 23. Qxc8# 1-0

[Event "Chessity Nationale Pupillendag 2018 - Groep G"]
[Site "Meppel, Netherlands"]
[Date "2018.06.23"]
[Round "2.4"]
[White "Heukelom, Aurelia"]
[Black "Groeneveld, Alexander"]
[Result "1-0"]
[TimeControl "15 min + 10 sec"]
[WhiteElo "703"]
[BlackElo "399"]

1. d4 d5 2. c4 Nf6 3. cxd5 Nxd5 4. e4 Nb4 5. Bd2 N4c6 6.
d5 Nd4 7. Be3 e5 8. Bxd4 exd4 9.
Bb5+ c6 10. dxc6 Nxc6 11. Bxc6+ bxc6 12. Nf3 Bb4+ 13. Nbd2 d3 14. O-O Bg4 15. Qb3 Rb8 16. Ne5 Be2 17. Qxf7# 1-0

[Event "Chessity Nationale Pupillendag 2018 - Groep G"]
[Site "Meppel, Netherlands"]
[Date "2018.06.23"]
[Round "3.1"]
[White "Aubel, Daan"]
[Black "Vijver, Jonathan"]
[Result "1-0"]
[TimeControl "15 min + 10 sec"]
[WhiteElo "833"]
[BlackElo "588"]

1. e4 e5 2. Nf3 Nc6 3. Bb5 d6 4.
Bxc6+ bxc6 5. d3 Nf6 6. Bg5 Be7 7. h3 Ba6 8. Nc3 O-O 9. O-O Rb8 10. Rb1 h6 11. Be3 d5 12. Bxa7 Rb7 13.
Be3 d4 14. Nxe5 dxc3 15. Nxc6 Qd6 16. Nxe7+ Qxe7 17. bxc3 Rxb1 18. Qxb1 Rd8 19. Re1 c5 20. Qb6 Bc8 21. Bxc5 Qb7 22.
Qxd8+ Kh7 23. Qb6 Qxb6 24. Bxb6 g5 25. Re3 g4 26. Bd4 Nh5 27. h4 Kg6 28. Kh2 f6 29. f3 g3 30. Kg1 Nf4 31.
e5 fxe5 32. Bxe5 Nd5 33. Re4 Nxc3 34. Rc4 Ne2+ 35. Kf1 Be6 36. Kxe2 Bxc4 37. dxc4 Kf5 38. Bxg3 Ke6 39. a4 Kd7 40. a5 Kc6 41. f4 Kc5 42.
f5 Kxc4 43. f6 Kb5 44. f7 Kxa5 45. f8=Q Ka4 46. Be1 Kb5 47. Kd3 Kc6 48. Kd4 Kd7 49.
Bb4 Kc6 50. Qd8 Kb7 51. Bc5 Ka6 52. Qb6# 1-0

[Event "Chessity Nationale Pupillendag 2018 - Groep G"]
[Site "Meppel, Netherlands"]
[Date "2018.06.23"]
[Round "3.2"]
[White "Pereira Garza, Cecilia"]
[Black "Verwer, Oscar"]
[Result "0-1"]
[TimeControl "15 min + 10 sec"]
[WhiteElo "616"]
[BlackElo "833"]

1. d4 Nf6 2. c4 g6 3. Nc3 d5 4. Nf3 Bg7 5. cxd5 Nxd5 6. Nxd5 Qxd5 7. e4 Qxe4+ 8. Qe2 Qxe2+ 9. Bxe2 O-O 10. O-O Nc6 11. Be3 Be6 12. Rfd1 Rad8 13. b3 f5 14.
Bc4 Bxc4 15. bxc4 f4 16. d5 Bxa1 17. Rxa1 fxe3 18. dxc6 exf2+ 19. Kxf2 bxc6 20. Re1 g5 21. Kg1 h6 22. Rxe7 Rd1+ 23. Kf2 g4 24. Ke2 gxf3+ 25. Kxd1 f2 26. Re1 fxe1=Q+ 27. Kxe1 Kg7 28. Ke2 Rd8 29. Ke3 Kf6 30. Kf4 Rd4+ 31. Kg3 Kg5 32. h4+ Rxh4 33. Kf3 Rxc4 34. a4 Rxa4 35. Kf2 Kf4 36. g3+ Kg4 37. Kf1 Kxg3 38. Ke2 Ra3 39. Kd2 Kf4 40.
Ke2 Rb3 41. Kd2 Ke4 42. Kc2 Rh3 43. Kd2 Rg3 44. Kc2 Kd4 45.
Kb2 Kc4 46. Ka2 Kb4 47. Kb2 Rg2+ 48. Kc1 Kc3 49. Kd1 Kd3 50. Ke1 Ke3 51. Kf1 Ra2 52. Kg1 Kf3 53. Kh1 Kg3 54. Kg1 Ra1+ 0-1

[Event "Chessity Nationale Pupillendag 2018 - Groep G"]
[Site "Meppel, Netherlands"]
[Date "2018.06.23"]
[Round "3.3"]
[White "Koorevaar, Sarah-Joy"]
[Black "Heukelom, Aurelia"]
[Result "0-1"]
[TimeControl "15 min + 10 sec"]
[WhiteElo "533"]
[BlackElo "703"]

1. e4 e5 2. Nf3 Nc6 3. Bc4 Be7 4.
d3 Nf6 5. Nc3 O-O 6. Be3 d6 7. O-O Be6 8. Bxe6 fxe6 9. Ng5 Nd7 10. Nxe6 Qc8 11. Nxf8 Qxf8 12. Nd5 Rc8 13. Re1 Nf6 14. Nxe7+ Qxe7 15.
Bg5 h6 16. Bxf6 Qxf6 17. Re3 Nd4 18. c3 Ne6 19. Rf3 Qe7 20. Qb3 Rf8 21. Rxf8+ Kxf8 22. Qxb7 Qg5 23. Qc8+ Kf7 24. Re1 Nf4 25.
g3 h5 26. Qxc7+ Kg6 27. Qxd6+ Kh7 28. c4 h4 29. g4 Qxg4+ 30. Kf1 Qg2# 0-1

[Event "Chessity Nationale Pupillendag 2018 - Groep G"]
[Site "Meppel, Netherlands"]
[Date "2018.06.23"]
[Round "3.4"]
[White "Van Rijn, Vincent"]
[Black "Koster, Benjamin"]
[Result "1-0"]
[TimeControl "15 min + 10 sec"]
[WhiteElo "699"]
[BlackElo "417"]

1. d4 d5 2. c4 Nc6 3. Nc3 Bf5 4.
cxd5 Nb4 5. Qa4+ Nc6 6.
dxc6 bxc6 7. Qxc6+ Bd7 8. Qd5 c6 9. Qf3 h5 10. e4 Bg4 11. Qf4 Qxd4 12. Be3 Qd7 13. Rd1 Bxd1 14. Nxd1 Rd8 15. Nc3 e6 16. Be2 Bd6 17. Qf3 g5 18. Bxg5 f6 19. Bxf6 Nxf6 20. Qxf6 Bf4 21.
Qxf4 Qb7 22. b3 Rf8 23. Qe5 Qe7 24. Bxh5+ Kd7 25. Qd4+ Kc8 26. Qa4 Qd6 27. Qa6+ Kb8 28. Nf3 Qd3 29. e5 Qd7 30. O-O Rh8 31. Bg4 Rdf8 32. Rd1 Qc7 33. Bxe6 Rxf3 34. Rd7 Qb7 35. Qxb7# 1-0

[Event "Chessity Nationale Pupillendag 2018 - Groep G"]
[Site "Meppel, Netherlands"]
[Date "2018.06.23"]
[Round "4.1"]
[White "Heukelom, Aurelia"]
[Black "Aubel, Daan"]
[Result "0-1"]
[TimeControl "15 min + 10 sec"]
[WhiteElo "703"]
[BlackElo "833"]

1. d4 f5 2. c4 Nf6 3. Nf3 e6 4. Bg5 b6 5. Bxf6 Qxf6 6. g3 Bb7 7. Bg2 Bb4+ 8. Nc3 d6 9. O-O O-O 10. Nh4 Bxg2 11. Nxg2 Bxc3 12.
bxc3 Nd7 13. Qd3 Rad8 14. Rab1 c5 15. dxc5 Nxc5 16. Qd4 Qxd4 17. cxd4 Ne4 18. Rfc1 Rc8 19. f3 Nd2 20. Rb4 d5 21.
c5 bxc5 22. dxc5 Nc4 23. Kf2 Rxc5 24. Ne3 Rfc8 25. Nxc4 Rxc4 26. Rbxc4 Rxc4 27. Rxc4 dxc4 28. Ke1 Kf7 29. Kd2 Ke7 30. Kc3 Kd6 31. Kxc4 Kc6 32. f4 g6 33. a4 a6 34. a5 h6 35. h3 g5 36.
e3 g4 37. hxg4 fxg4 38. e4 Kd6 39. Kd4 Kd7 40. Kc5 Kc7 41. e5 h5 42. f5 exf5 43. e6 Kd8 44. Kd6 f4 45. e7+ Ke8 46.
gxf4 g3 47. f5 g2 48. f6 g1=Q 49.
f7+ Kxf7 50. Kd7 Qd4+ 51. Kc7 Kxe7 52. Kb7 Qd6 53.
Ka7 Kd7 54. Kb7 Qc6+ 55. Ka7 Qc7+ 56. Ka8 Qxa5 57. Ka7 Kc7 58. Ka8 Qd5+ 59. Ka7 Qb7# 0-1

[Event "Chessity Nationale Pupillendag 2018 - Groep G"]
[Site "Meppel, Netherlands"]
[Date "2018.06.23"]
[Round "4.2"]
[White "Verwer, Oscar"]
[Black "Van Rijn, Vincent"]
[Result "1/2-1/2"]
[TimeControl "15 min + 10 sec"]
[WhiteElo "833"]
[BlackElo "699"]

1. e4 d5 2. exd5 Qxd5 3. Nc3 Qe6+ 4. Be2 Nf6 5. Nf3 Nc6 6. d4 g6 7. d5 Nxd5 8.
Nxd5 Qd6 9. Bf4 e5 10. Bg5 Bg7 11. O-O O-O 12. Qd2 Be6 13. c4 e4 14. Bf4 Qd7 15. Ng5 Rad8 16. Qe3 Bxd5 17.
cxd5 Qxd5 18. Rfd1 Nd4 19. Kf1 c5 20. Qh3 h6 21. Nxf7 Qxf7 22. b3 Nxe2 23. Rxd8 Rxd8 24. Kxe2 Bxa1 25.
Bxh6 Qh7 26. Qe6+ Qf7 27. Qh3 Re8 28. Qe3 Qh7 29. Qh3 Re7 30. g4 Bg7 31. g5 Re5 32. Qc8+ Kf7 33. Qxb7+ Re7 34.
Qd5+ Kf8 35. Qd8+ Kf7 36. Qd5+ 1/2-1/2

[Event "Chessity Nationale Pupillendag 2018 - Groep G"]
[Site "Meppel, Netherlands"]
[Date "2018.06.23"]
[Round "4.3"]
[White "Jorritsma, Eli Alia"]
[Black "Pereira Garza, Cecilia"]
[Result "1-0"]
[TimeControl "15 min + 10 sec"]
[WhiteElo "636"]
[BlackElo "616"]

1. e4 e6 2. d4 d5 3. e5 c5 4. Nf3 Nc6 5. Nc3 Qc7 6. Bg5 f6 7. Be3 fxe5 8. dxe5 d4 9. Nb5 Qa5+ 10.
Bd2 Qd8 11. Bc4 a6 12. Nd6+ Bxd6 13. exd6 Qxd6 14. O-O Nf6 15. Re1 O-O 16. Re2 Re8 17. Ng5 h6 18. Nf3 Kh8 19. c3 e5 20. Qe1 e4 21. Nh4 Ne5 22.
Bf4 Nfd7 23. Bxe5 Nxe5 24. Rxe4 Kh7 25. Nf3 Nxf3+ 26. gxf3 Rxe4 27. Qxe4 Qg6+ 28. Kf1 Qxe4 29. fxe4 Bd7 30. Re1 Bb5 31. b3 Bxc4+ 32. bxc4 dxc3 33. Rc1 Re8 34.
f3 Rd8 35. Rxc3 Rd2 36. Re3 Kg6 37. e5 Rxh2 38. e6 Kf6 39. e7 Rh1+ 40. Kf2 Rh2+ 41. Kg3 Kf7 42. e8=Q+ Kf6 43. Qe6+ Kg5 44.
Re5+ 1-0

[Event "Chessity Nationale Pupillendag 2018 - Groep G"]
[Site "Meppel, Netherlands"]
[Date "2018.06.23"]
[Round "4.4"]
[White "Brands, Robin"]
[Black "Gelten, Evan"]
[Result "0-1"]
[TimeControl "15 min + 10 sec"]
[WhiteElo "314"]
[BlackElo "757"]

1. e4 e5 2. Nf3 Nc6 3. Bc4 Bc5 4. O-O Nf6 5. Nc3 d6 6. d3 Bg4 7. Be3 Nd4 8. a3 Nxf3+ 9. gxf3 Bh3 10.
Re1 Bxe3 11. fxe3 c6 12.
d4 exd4 13. exd4 O-O 14. e5 dxe5 15. dxe5 Qxd1 16. Raxd1 Nh5 17. Bd3 Rad8 18. Be2 Rxd1 19. Rxd1 h6 20. f4 Nxf4 21. Bf3 Re8 22. Re1 f6 23. Re4 Nd5 24. Nxd5 cxd5 25. Rd4 Rxe5 26. Be4 0-1

[Event "Chessity Nationale Pupillendag 2018 - Groep G"]
[Site "Meppel, Netherlands"]
[Date "2018.06.23"]
[Round "5.1"]
[White "Aubel, Daan"]
[Black "Jorritsma, Eli Alia"]
[Result "1-0"]
[TimeControl "15 min + 10 sec"]
[WhiteElo "833"]
[BlackElo "636"]

1. e4 e5 2. Nf3 Nc6 3. Bb5 d6 4. Bxc6+ bxc6 5. d3 Nf6 6. Nc3 d5 7. Nxe5 Bb4 8. Nxc6 Qd7 9. Nxb4 d4 10.
Ncd5 Qd8 11. Qf3 Bg4 12. Qg3 Be6 13. Nxc7+ Ke7 14. Nc6+ Kd7 15. Nxd8 Rhxd8 16. Nxa8 Rxa8 17. O-O g6 18. Bg5 Nh5 19. Qe5 Re8 20. Qxd4+ Kc8 21. Qc5+ Kd7 22. Qxa7+ Kc6 23. Qa4+ Kc7 24.
Qxe8 Bd7 25. Qe7 Ng7 26. Rfe1 Kc6 27. Qf6+ Kb7 28. Qxg7 Be8 29. e5 Kc7 30. e6 Kd6 31. exf7 Kd5 32. fxe8=Q Kd4 33. Qgf7 Kd5 34. Qe5+ 1-0

[Event "Chessity Nationale Pupillendag 2018 - Groep G"]
[Site "Meppel, Netherlands"]
[Date "2018.06.23"]
[Round "5.2"]
[White "Koorevaar, Sarah-Joy"]
[Black "Verwer, Oscar"]
[Result "1-0"]
[TimeControl "15 min + 10 sec"]
[WhiteElo "533"]
[BlackElo "833"]

1. e4 d5 2. Nc3 d4 3. Nb1 e5 4. Bc4 Nf6 5. d3 Nc6 6. Nf3 Bg4 7. h3 Bh5 8. g4 Bg6 9. Ng5 Qd7 10.
Nf3 Be7 11. Bg5 O-O-O 12. Qd2 h6 13. Bxf6 Bxf6 14. Bb5 Qd6 15. Bxc6 Qxc6 16. Qa5 Kb8 17. Na3 Be7 18. Nxe5 Qe6 19.
Qb5 f6 20. Nec4 Rd5 21. Qxd5 Qxd5 22. exd5 Bb4+ 23. Nd2 Re8+ 24. Kd1 h5 25. Nb3 hxg4 26. hxg4 Bh7 27. Nb5 f5 28. a3 Bf8 29.
Rxh7 c6 30. dxc6 bxc6 31. N5xd4 c5 32. Nc6+ Kb7 33. Nba5+ Kb6 34. Kd2 Kb5 35. Rh8 Rc8 36. Ne7 Rb8 37. Nc4 Bxe7 38. Rxb8+ Kc6 39.
Rc8+ Kb5 40. Re1 Bg5+ 41. Ne3 f4 42. Nf5 f3+ 43. Ne3 Bxe3+ 44. Rxe3 g5 45. Re5 Kb6 46. Rexc5 Kb7 47. d4 Kb6 48.
d5 a5 49. d6 a4 50. d7 Ka6 51. d8=Q Ka7 52. Qa5+ Kb7 53. Qc7+ Ka6 54. Ra8# 1-0

[Event "Chessity Nationale Pupillendag 2018 - Groep G"]
[Site "Meppel, Netherlands"]
[Date "2018.06.23"]
[Round "5.3"]
[White "Van Rijn, Vincent"]
[Black "Heukelom, Aurelia"]
[Result "1-0"]
[TimeControl "15 min + 10 sec"]
[WhiteElo "699"]
[BlackElo "703"]

1. d4 d5 2. c4 e6 3. Nc3 Nf6 4. Nf3 Be7 5. g3 O-O 6.
Bg2 b6 7. O-O Bb7 8. cxd5 Bxd5 9.
Nxd5 exd5 10. Bg5 Ne4 11. Bxe7 Qxe7 12.
Qd3 Nc6 13. Rac1 Nb4 14. Qb3 a5 15. a3 Na6 16. Qb5 Nd6 17. Qc6 Rac8 18. Qxd5 Qe4 19. Qxe4 Nxe4 20. Ne5 Nd2 21. Rfd1 Nb3 22.
Rc3 a4 23. Nd7 Rfd8 24. Bb7 Rb8 25. Nxb8 Rxb8 26. Bxa6 Re8 27. Bb5 Rd8 28. Bxa4 Nxd4 29. Rcd3 Nxe2+ 30. Kf1 Rxd3 31. Rxd3 g6 32. Kxe2 Kg7 33. Ke3 c5 34. Rd6 c4 35.
Rxb6 c3 36. bxc3 h5 37. c4 g5 38. c5 Kf8 39. c6 Ke8 40. c7+ Ke7 41. c8=Q g4 42. Qd7+ Kf8 43. Rb8+ Kg7 44. Rb7 Kg6 45. Qxf7+ Kg5 46. Rb5+ Kh6 47. Qxh5 Kg7 48. Rb6 Kg8 49.
Rb7 Kf8 50. Qe8# 1-0

[Event "Chessity Nationale Pupillendag 2018 - Groep G"]
[Site "Meppel, Netherlands"]
[Date "2018.06.23"]
[Round "5.4"]
[White "Gelten, Evan"]
[Black "Blom, Odette"]
[Result "1-0"]
[TimeControl "15 min + 10 sec"]
[WhiteElo "757"]
[BlackElo "305"]

1. e4 e5 2. Nf3 Nc6 3. Bc4 Nf6 4. Ng5 Qe7 5. Nxf7 Rg8 6.
Ng5 Rh8 7. Nc3 d6 8. d3 Bg4 9. f3 Bd7 10. Nh3 Nd4 11. Be3 Bxh3 12. gxh3 Nh5 13. Bxd4 exd4 14. Nd5 Qh4+ 15. Ke2 Qxh3 16. Qf1 Qxf1+ 17. Rhxf1 c6 18. Nc7+ Kd8 19. Nxa8 Kc8 20. Be6+ Kb8 21. Bg4 Nf6 22. c3 dxc3 23. bxc3 Nxg4 24. fxg4 Kxa8 25. Rf2 g6 26. Raf1 a6 27. Rxf8+ Rxf8 28. Rxf8+ Ka7 29. Kd2 b6 30. Rf7+ Kb8 31. Kc2 b5 32. Kb3 c5 33. c4 bxc4+ 34. dxc4 a5 35. Ka4 g5 36. Kxa5 h6 37. Kb6 Kc8 38. Kc6 Kd8 39. Kxd6 Ke8 40. Ke6 Kd8 41. Rh7 h5 42. gxh5 g4 43. a3 Kc8 44. Kd6 Kb8 45. Kc6 Kc8 46. Rh8# 1-0

[Event "Chessity Nationale Pupillendag 2018 - Groep G"]
[Site "Meppel, Netherlands"]
[Date "2018.06.23"]
[Round "6.1"]
[White "Van Rijn, Vincent"]
[Black "Aubel, Daan"]
[Result "0-1"]
[TimeControl "15 min + 10 sec"]
[WhiteElo "699"]
[BlackElo "833"]

1. d4 Nf6 2. Nc3 d5 3. Nf3 Bg4 4. b3 Nc6 5. Bb2 e6 6.
Qd3 Nb4 7. Qb5+ c6 8. Qxb7 Nxc2+ 9. Kd2 Nxa1 10. Bxa1 Qc8 11. Qxc8+ Rxc8 12. e3 Bxf3 13. gxf3 Bb4 14. Ba6 Rc7 15.
Kc2 Bxc3 16. Bxc3 O-O 17. Bd3 Rfc8 18. Rg1 c5 19. Kb2 c4 20. bxc4 dxc4 21. Bc2 Rb8+ 22. Kc1 Rcb7 23. Kd2 Kf8 24. e4 g6 25. e5 Nd5 26. Ba1 Rc7 27. Be4 c3+ 28. Kd1 Nb4 29. Rg2 c2+ 30. Bxc2 Nxc2 31. Kd2 Nxa1 32. Rg1 Rb2+ 33.
Kd3 Rxa2 34. Ke4 Rxf2 35. Ke3 Ra2 36. Kd3 Ke7 37. Ke4 f6 38. Kd3 fxe5 39. dxe5 Rd7+ 40. Kc4 Rd5 41.
Kc3 Rxe5 42. Rb1 Re3+ 43. Kc4 Nc2 44. Rb7+ Kf6 45. Rd7 Na3+ 46. Kb4 Rxf3 47. Rxh7 Nc2+ 48. Kc4 Ra4+ 49. Kb5 Rff4 50.
Rh3 Rae4 51. Rc3 Rf5+ 52. Rc5 Na3+ 53. Kc6 Rxc5+ 54. Kxc5 Ke5 55. Kc6 Rc4+ 56. Kd7 Nb5 57. h3 Rc7+ 58. Kd8 Kd6 59. Ke8 Nd4 60. Kd8 Nf5 61. Ke8 Nh6 62.
Kd8 a6 63. Ke8 Rc8# 0-1

[Event "Chessity Nationale Pupillendag 2018 - Groep G"]
[Site "Meppel, Netherlands"]
[Date "2018.06.23"]
[Round "6.2"]
[White "Koorevaar, Sarah-Joy"]
[Black "Gelten, Evan"]
[Result "1-0"]
[TimeControl "15 min + 10 sec"]
[WhiteElo "533"]
[BlackElo "757"]

1. e4 e5 2. Nf3 Nc6 3. Bc4 Bc5 4. d3 Nf6 5. Nc3 d6 6. Bg5 h6 7. Bxf6 Bg4 8. Bxd8 Rxd8 9. O-O Nd4 10. Re1 O-O 11. Nd5 c6 12. Ne7+ Kh8 13. Qd2 Bxf3 14. c3 Nb5 15. Bxb5 cxb5 16. c4 Bg4 17. cxb5 Rde8 18.
Nf5 Bxf5 19. exf5 Bd4 20. f6 gxf6 21. Qxh6 Kg8 22. Re4 f5 23. Rh4 1-0

[Event "Chessity Nationale Pupillendag 2018 - Groep G"]
[Site "Meppel, Netherlands"]
[Date "2018.06.23"]
[Round "6.3"]
[White "Jorritsma, Eli Alia"]
[Black "Smets, Cas"]
[Result "1-0"]
[TimeControl "15 min + 10 sec"]
[WhiteElo "636"]
[BlackElo "428"]

1. e4 e5 2. Bc4 Nf6 3. Nc3 Bb4 4.
d3 Nc6 5. Bg5 Nd4 6. Nf3 c5 7. O-O Kf8 8. Nd5 Nxd5 9. Bxd8 d6 10. Bxd5 Bg4 11. Bg5 f6 12. Be3 Ba5 13. Bxd4 exd4 14. Bxb7 Rb8 15. Bd5 Rxb2 16. Rb1 Rxa2 17. Bxa2 Ke8 18. Rb8+ Kd7 19. h3 Bxf3 20. Qxf3 Rxb8 21. Qg4+ Kc7 22. Qxg7+ Kc8 23.
Be6+ Kd8 24. Qd7# 1-0

[Event "Chessity Nationale Pupillendag 2018 - Groep G"]
[Site "Meppel, Netherlands"]
[Date "2018.06.23"]
[Round "6.4"]
[White "Sterk, Ralf"]
[Black "Vijver, Jonathan"]
[Result "0-1"]
[TimeControl "15 min + 10 sec"]
[WhiteElo "849"]
[BlackElo "588"]

1. e4 e5 2. Nf3 Nc6 3.
Bc4 Nf6 4. Ng5 d5 5. exd5 Na5 6. d3 Nxc4 7. dxc4 c6 8. Nc3 cxd5 9. Nxd5 Nxd5 10. cxd5 h6 11. Nf3 Bg4 12. h3 Bh5 13. Be3 e4 14. Qd4 exf3 15. gxf3 Bxf3 16. Rg1 Bxd5 17. Qe5+ Be6 18. f4 Bd6 19. Qb5+ Bd7 20. Qe2 Bxh3 21. O-O-O Qc7 22. Bb6+ Qe7 23.
Qb5+ Bd7 24. Qd3 Bxf4+ 25. Kb1 axb6 26. Rge1 Be6 27. Qb5+ Kf8 28. Qxb6 Bxa2+ 29. Ka1 Be6+ 30. Kb1 Bc7 31.
Qe3 g6 32. Qd4 Kg8 33. Qc3 Ba5 34. Rxe6 fxe6 35. Qg3 Qg5 36. Qb3 Rh7 37. Qxe6+ Kh8 38. Qe4 Rd8 39. Rf1 Re7 40. Qh1 Re1+ 41.
Rxe1 Bxe1 42. Qxe1 Qh5 43. Ka2 Qd5+ 44. Ka3 Ra8+ 45. Kb4 Qa5+ 0-1

[Event "Chessity Nationale Pupillendag 2018 - Groep G"]
[Site "Meppel, Netherlands"]
[Date "2018.06.23"]
[Round "7.1"]
[White "Aubel, Daan"]
[Black "Koorevaar, Sarah-Joy"]
[Result "1/2-1/2"]
[TimeControl "15 min + 10 sec"]
[WhiteElo "833"]
[BlackElo "533"]

1. e4 e5 2. Nf3 Nc6 3. Bb5 Bd6 4. Nc3 Nf6 5. d3 O-O 6.
Bg5 Re8 7. O-O Bc5 8. Bxc6 dxc6 9. a3 Bg4 10. h3 Be6 11. Re1 Be7 12. Nxe5 Nd7 13. Bxe7 Qxe7 14. Nxd7 Qxd7 15. Qf3 Qd6 16.
Rad1 Rad8 17. d4 Bc4 18. e5 Qg6 19. b3 Be6 20. Na4 Bd5 21. Qg3 Qxc2 22. Nc5 b6 23. Rc1 Qb2 24. Rb1 Qxa3 25.
Na4 Qb4 26. Qc3 Qe7 27. Qd3 Qh4 28. Nc3 Be6 29. Qf3 Qg5 30. Ne4 Qg6 31. Nc3 1/2-1/2

[Event "Chessity Nationale Pupillendag 2018 - Groep G"]
[Site "Meppel, Netherlands"]
[Date "2018.06.23"]
[Round "7.2"]
[White "Verwer, Oscar"]
[Black "Jorritsma, Eli Alia"]
[Result "1-0"]
[TimeControl "15 min + 10 sec"]
[WhiteElo "833"]
[BlackElo "636"]

1. e4 e5 2. Nf3 Nc6 3. d4 d6 4.
dxe5 dxe5 5. Qxd8+ Nxd8 6. Nxe5 Nc6 7. Nxc6 bxc6 8. Bc4 Nf6 9. Nc3 Bc5 10. O-O O-O 11. Bg5 Be7 12. e5 Be6 13. Bxe6 fxe6 14. exf6 Bxf6 15.
Bxf6 Rxf6 16. Rfe1 Rg6 17. Rad1 Rf8 18. Rd7 Rf5 19. Rxc7 Rfg5 20. g3 Rf5 21. Rxc6 Rgf6 22. f4 Rh6 23.
Rcxe6 Rh3 24. R6e5 Rf6 25. Ne4 Rfh6 26. Re2 Rb6 27. Ng5 Rhh6 28. Re8+ 1-0

[Event "Chessity Nationale Pupillendag 2018 - Groep G"]
[Site "Meppel, Netherlands"]
[Date "2018.06.23"]
[Round "7.3"]
[White "Vijver, Jonathan"]
[Black "Van Rijn, Vincent"]
[Result "1-0"]
[TimeControl "15 min + 10 sec"]
[WhiteElo "588"]
[BlackElo "699"]

1. e4 d5 2. exd5 Qxd5 3. Nc3 Qe6+ 4. Be2 Nc6 5. Nf3 Nf6 6. d4 g6 7. d5 Nxd5 8. Nxd5 Qd6 9. Bf4 e5 10. Bg5 Bg7 11. O-O e4 12. Bf4 Be5 13. Bxe5 Nxe5 14.
Nxe5 Qxe5 15. Re1 c6 16. Nc3 Qg5 17. Bd3 O-O 18. Bxe4 Bh3 19. Qf3 Bg4 20. Qg3 Rae8 21. h3 Qh5 22.
hxg4 Qh6 23. g5 Qh5 24. Bf3 Qxf3 25. Qxf3 Rxe1+ 26. Rxe1 Rd8 27. Re7 Rf8 28. Ne4 Kg7 29. Qf6+ Kg8 30. Nd6 Rd8 31. Qxf7+ Kh8 32.
Qxh7 1-0